 Dungeon Crawl Stone Soup version 0.29-a0-25-g7f48f510a0 (webtiles) character file.

Game seed: 3545144741723948851

4 testman the Ruffian (level 1, 0/16 HPs)
             Began as a Draconian Transmuter on Jan 31, 2022.
             Was an Initiate of Ashenzari.
             Succumbed to a goblin's poison
             ... on level 1 of the Dungeon.
             The game lasted 00:00:56 (326 turns).

testman the Ruffian (Draconian Transmuter)           Turns: 326, Time: 00:00:57

Health: 0/16       AC:  4    Str: 12    XL:     1   Next: 50%
Magic:  2/3        EV: 12    Int: 13    God:    Ashenzari [......]
Gold:   23         SH:  0    Dex: 11    Spells: 3/4 levels left

rFire   . . .      SeeInvis .     - Unarmed
rCold   . . .      Faith    .   (no shield)
rNeg    . . .      Spirit   .   (armour unavailable)
rPois   .          Reflect  .   (helmet currently unavailable)
rElec   .          Harm     .   (no cloak)
rCorr   .          Rampage  .   (no gloves)
Will    .....                   (boots currently unavailable)
Stlth   +.........              (no amulet)
HPRegen 0.05/turn               (no ring)
MPRegen 0.08/turn               (no ring)

@: lethally poisoned (0 -> -17), appendages
A: horns 2, talons 2, AC +4, unfitting armour, cold-blooded
a: End Transformation, Renounce Religion, Curse Item


You were on level 1 of the Dungeon.
You worshipped Ashenzari.
Ashenzari was noncommittal.
You had temporarily grown beastly horns and talons.
You visited 1 branch of the dungeon, and saw 1 of its levels.

You collected 23 gold pieces.

Inventory:

Missiles
 e - 16 stones
Scrolls
 c - a scroll of brand weapon {unknown}
 f - a scroll of fear {unknown}
Potions
 a - a potion of brilliance {unknown}
 b - 2 potions of heal wounds {unknown}
 d - a potion of mutation {unknown}


   Skills:
 + Level 1.4 Fighting
 - Level 1.7 Dodging
 + Level 3.1 Unarmed Combat
 - Level 2.0 Spellcasting
 - Level 2.0 Transmutations


You had 3 spell levels left.
You knew the following spells:

 Your Spells              Type           Power      Damage    Failure   Level
a - Beastly Appendage     Tmut           12%        N/A       11%         1

Your spell library contained the following spells:

 Spells                   Type           Power      Damage    Failure   Level
 Wereblood                Tmut           6%         N/A       17%         2
 Spider Form              Tmut/Pois      3%         N/A       45%         3
 Ice Form                 Ice/Tmut       3%         N/A       86%         4


Dungeon Overview and Level Annotations

Branches:
Dungeon (1/15)

Altars:
Ashenzari


Innate Abilities, Weirdness & Mutations

You have temporarily grown beastly horns and talons.
Your plain brown scales are hard. (AC +4)
You cannot fit into any form of body armour.
You are cold-blooded and may be slowed by cold attacks.


Message History

You see here a +0 club.
You open the door.
There is an open door here.
You open the door.
There is an open door here.
You now have 23 gold pieces (gained 15).
Found a stone staircase leading down.
No target in view!
A goblin comes into view. It is wielding a +1 dagger of venom.
Found a scroll labelled YGEOSE GAF.
The goblin shouts!
You see here a scroll labelled XENIGA FELA.
A goblin is nearby!
f - a scroll labelled XENIGA FELA
Casting: Beastly Appendage (safe; 11% risk of failure)
Press: ? - help, Q - select action, (/) - cycle Dir - look around, f - activate You grow a pair of large bovine horns.
Your feet morph into talons.
The goblin hits you with a +1 dagger of venom.
You are poisoned.
You hit the goblin. Your kick misses the goblin.
Your tail-slap misses the goblin.
The goblin is moderately wounded.
You feel sick. The goblin hits you but does no damage.
You are lethally poisoned!
You completely miss the goblin.
The goblin is moderately wounded.
You feel very sick.
You are too injured to fight recklessly!
You are too injured to fight recklessly!
You are too injured to fight recklessly!
You are too injured to fight recklessly!
You barely miss the goblin. Your headbutt misses the goblin.
The goblin is moderately wounded.
* * * LOW HITPOINT WARNING * * *
You feel very sick. The goblin hits you but does no damage.
You are more poisoned.
You hit the goblin.
Your tail-slap misses the goblin.
The goblin is heavily wounded.
You die...

#.# ## #.# .# #.# +
.##### #.# .. .....#
#.#### ... >###.#
#.##.## ....
.###.#####.#...####.....
........................
...#.#.###.#....@g......
##.#.#.# #.##..###.#.?..
##.#.#.# #.##..# # .
##.#.#.# #.^...#
.....#.# ####..#
##.###.# #..# #.# #.#
#.>.. #.# #.. ...### #.#


You could see a goblin.

Vanquished Creatures
  A goblin (D:1)
  A hobgoblin (D:1)
  A ball python (D:1)
  A frilled lizard (D:1)
4 creatures vanquished.

Notes
Turn   | Place    | Note
-------+----------+-------------------------------------------
     0 | D:1      | testman the Draconian Transmuter began the quest for the
                  | Orb.
     0 | D:1      | Reached XP level 1. HP: 16/16 MP: 3/3
    49 | D:1      | Found a faded altar of an unknown god.
    57 | D:1      | Prayed at the altar of an unknown god.
    57 | D:1      | Became a worshipper of Ashenzari the Shackled
   326 | D:1      | Succumbed to a goblin's poison

Illustrated notes

Levels and vault maps discovered:
D:1:      amcnicky_arrival_wind_blow, layout_loops_corners,
          shapermc_ecumenical_altar_totnotflames, due_unseen_surprise

Action                   || total
-------------------------++-------
Melee: Unarmed           ||    16
       Kick              ||     4
       Tailslap          ||     1
 Cast: Beastly Appendage ||     5
Armor: Skin              ||     3
Dodge: Dodged            ||     9

Table legend: (Time is in decaauts)
 A = Elapsed time spent in this place.
 B = Non-inter-level travel time spent in this place.
 C = Inter-level travel time spent in this place.
 D = Time resting spent in this place.
 E = Time spent auto-exploring this place.
 F = Levels seen in this place.
 G = Mean time per level.
                   A        B        C        D        E       F      G
               +--------+--------+--------+--------+--------+-----+--------+
         Total |    325 |    325 |      0 |      0 |    266 |   1 |  325.0 |
       Dungeon |    325 |    325 |      0 |      0 |    266 |   1 |  325.0 |
               +--------+--------+--------+--------+--------+-----+--------+

Top non-repeatable levels by time:
     D:1: 325 daAuts
